 Dungeon Crawl Stone Soup version 0.25-a0-435-g4b9beb1024 (webtiles) character file.

Game seed: 16684957149101435102, levelgen mode: deterministic

2 Nattfarinn the Caller (level 1, -1/13 HPs)
             Began as a Barachi Summoner on Jan 29, 2020.
             Slain by a leopard gecko (3 damage)
             ... on level 1 of the Dungeon.
             The game lasted 00:00:40 (47 turns).

Nattfarinn the Caller (Barachi Summoner)              Turns: 47, Time: 00:00:40

Health: -1/13      AC:  2    Str:  9    XL:     1   Next: 30%
Magic:  1/3        EV: 12    Int: 15    God:
Gold:   20         SH:  0    Dex: 12    Spells: 3/4 levels left

rFire    . . .     SeeInvis .   (no weapon)
rCold    . . .     Gourm    .   (no shield)
rNeg     . . .     Faith    .   a - +0 robe
rPois    .         Spirit   .   (no helmet)
rElec    .         Reflect  .   (no cloak)
rCorr    .         Harm     .   (no gloves)
MR       .....                  (no boots)
Stlth    ++........             (no amulet)
HPRegen  0.04/turn              (no ring)
MPRegen  0.08/turn              (no ring)

@: can't hop, slow
A: +LOS, swims, slowness 1, strong legs 1
a: Hop


You were on level 1 of the Dungeon.
You were not hungry.

You visited 1 branch of the dungeon, and saw 1 of its levels.

You collected 20 gold pieces.

Inventory:

Armour
 a - a +0 robe (worn)
Potions
 b - a potion of berserk rage {unknown}
Comestibles
 c - a ration


   Skills:
 + Level 0.0 Fighting
 * Level 0.2 Armour
 + Level 2.2 Dodging
 - Level 1.7 Stealth
 + Level 2.2 Spellcasting
 * Level 4.8 Summonings


You had 3 spell levels left.
You knew the following spells:

 Your Spells              Type           Power        Failure   Level  Hunger
a - Summon Small Mammal   Summ           ###.         3%          1    #......

Your spell library contained the following spells:

 Spells                   Type           Power        Failure   Level  Hunger
 Call Imp                 Summ           ###.....     4%          2    ###....
 Call Canine Familiar     Summ           ###.....     9%          3    ###....
 Summon Guardian Golem    Hex/Summ       #.......     24%         3    ###....
 Summon Ice Beast         Ice/Summ       #.......     61%         4    #####..
 Summon Lightning Spire   Summ/Air       #.......     61%         4    #####..


Dungeon Overview and Level Annotations

Branches:
Dungeon (1/15)

Altars:


Innate Abilities, Weirdness & Mutations

You can be seen from farther away. (+LOS)
You can swim through water.
You cover ground slowly.
You can hop short distances.


Message History

The leopard gecko is severely wounded.
Your quokka barely misses the leopard gecko.
The leopard gecko misses you. The frilled lizard barely misses you.
Unknown command.
Okay, then.
Your quokka bites the leopard gecko.
The leopard gecko barely misses you.
Your quokka misses the leopard gecko. The leopard gecko barely misses you.
Your quokka bites the leopard gecko but does no damage.
Your quokka closely misses the frilled lizard.
Hop to where?
Press: ? - help, Dir - move target cursor Boing!
Casting: Summon Small Mammal (safe; 3% risk of failure)
Confirm with . or Enter, or press ? or * to list all spells.
The leopard gecko barely misses you.
Casting: Summon Small Mammal (safe; 3% risk of failure)
Confirm with . or Enter, or press ? or * to list all spells.
The leopard gecko bites you.
You die...

.. ?... ##.# ##..###
#..###.......
#.##.....=...
##.##.#.#..###
#.°r.........#
##########..##.#.#..#..
#.........ll........#
#.########@b##.#.......
#r..)....#.#..
#.###.#....# . #.#
#......# #.# #......#
#### #.# #........ $.#
#.# ##.. ).#^# #.# #.#
.....# #
####.#####.#####.....


You could see a leopard gecko, a frilled lizard, 2 friendly quokkas and a
friendly bat.

Vanquished Creatures
  A goblin (D:1)
1 creature vanquished.

Vanquished Creatures (collateral kills)
  A goblin (D:1)
1 creature vanquished.

Grand Total: 2 creatures vanquished

Notes
Turn   | Place    | Note
-------+----------+-------------------------------------------
     0 | D:1      | Nattfarinn the Barachi Summoner began the quest for the
                  | Orb.
     0 | D:1      | Reached XP level 1. HP: 13/13 MP: 3/3
    47 | D:1      | Slain by a leopard gecko

Levels and vault maps discovered:
D:1:      ncdulo_lavacross, layout_loops_ring

Action                   || total
-------------------------++-------
Melee: Unarmed           ||    10
 Cast: Summon Small Mamm ||     3
 Abil: Hop               ||     1
 Stab: Sleeping          ||     1
Armor: Robe              ||     1
Dodge: Dodged            ||    13

Table legend:
 A = Non-vault XP
 B = Vault XP
 C = Vault XP percentage of total XP
 D = Non-vault monster count
 E = Vault monster count
 F = Vault count percentage of total count
                 A         B        C        D         E       F
            +---------+---------+-------+---------+---------+-------
      Total |       3 |       0 |   0.0 |       2 |       0 |   0.0
            +---------+---------+-------+---------+---------+-------
        D:1 |       3 |       0 |   0.0 |       2 |       0 |   0.0
            +---------+---------+-------+---------+---------+-------
